 Dungeon Crawl Stone Soup version 0.21.1-1-g345015fe64 (webtiles) character file.

230 Lentor the Slasher (level 5, 0/48 HPs)
             Began as a Minotaur Berserker on June 22, 2018.
             Was a Believer of Trog.
             Succumbed to a worker ant's poison
             ... on level 3 of the Dungeon.
             The game lasted 00:04:14 (2668 turns).

Lentor the Slasher (Minotaur Berserker)             Turns: 2668, Time: 00:04:14

Health: 0/48       AC:  5    Str: 23    XL:     5   Next: 72%
Magic:  4/4        EV: 12    Int:  4    God:    Trog [**....]
Gold:   133        SH:  0    Dex:  9    Spells: 4/4 levels left

rFire    . . .     SeeInvis .   a - +0 falchion
rCold    . . .     Gourm    .   (no shield)
rNeg     . . .     Faith    .   h - +0 ring mail
rPois    .         Spirit   .   (helmet restricted)
rElec    .         Reflect  .   (no cloak)
rCorr    .         Harm     .   (no gloves)
MR       .....                  (no boots)
Stlth    ..........             (no amulet)
HPRegen  0.16/turn              (no ring)
MPRegen  0.09/turn              (no ring)

@: lethally poisoned (0 -> 0)
A: retaliatory headbutt, horns 2
a: Berserk, Trog's Hand, Burn Spellbooks, Renounce Religion


You were on level 3 of the Dungeon.
You worshipped Trog.
Trog was pleased with you.
You were not hungry.

You visited 1 branch of the dungeon, and saw 4 of its levels.

You collected 133 gold pieces.

Inventory:

Hand Weapons
 a - a +0 falchion (weapon)
Armour
 h - a +0 ring mail (worn)
Scrolls
 b - a scroll of noise
 f - a scroll of teleportation
 g - a scroll of immolation
 j - a scroll of remove curse {unknown}
 m - a scroll of fog {unknown}
Potions
 d - a potion of agility
 k - a potion of lignification
 l - a potion of brilliance
Comestibles
 c - 2 rations


   Skills:
 + Level 5.0 Fighting
 + Level 5.6 Long Blades
 + Level 4.1 Armour
 + Level 3.0 Dodging


You had 4 spell levels left.
You didn't know any spells.

Dungeon Overview and Level Annotations

Branches:
Dungeon (4/15)
 Temple: D:4-7

Altars:

Shops:
D:4 [


Innate Abilities, Weirdness & Mutations

You reflexively headbutt those who attack you in melee.
You have a pair of horns on your head.


Message History

It is a scroll of identify.
d - a potion of agility
As you read the scroll of identify, it crumbles to dust.
k - a potion of lignification
* * * LOW HITPOINT WARNING * * *
You feel sick.
As you read the scroll of identify, it crumbles to dust.
l - a potion of brilliance
Okay, then.
There is a lethal amount of poison in your body!
It was a potion of cancellation.
You feel magically purged.
* * * LOW HITPOINT WARNING * * *
You feel sick.
* * * LOW HITPOINT WARNING * * *
You feel sick.
* * * LOW HITPOINT WARNING * * *
You feel sick.
* * * LOW HITPOINT WARNING * * *
You feel sick.
You die...

.....# #..†.....# ...###
#.####...########## ###
#..#
#.................###.##
#..#
#.#####..##.#####.##...#
#..#######.# #...#.#
##.#..... #..........##
##..#.# #........
##.#######..# #..#.#
#..#....> #.#
#<.#####..#.####..##...#
#.#
#......@..#.##..........
#.#
#..######.#....#..###...
#.#
#..######.######..######
#.#######.........#
#....# #
#....>)....#####..#
#.##.# #
##########.#####..#
#.##.# #
#.#.......######.##.####
##.#####..#.............
### #............####


There were no monsters in sight!

Vanquished Creatures
  A centaur skeleton (D:4)
  2 worker ants
  4 gnolls (D:3)
  3 adders
  2 worms
  2 dart slugs (D:1)
  3 leopard geckos
  2 orcs (D:3)
  3 ball pythons
  A giant cockroach (D:3)
  8 goblins
  7 hobgoblins
  7 jackals
  9 kobolds
  2 quokkas
  8 bats
  5 frilled lizards
  7 rats
76 creatures vanquished.

Notes
Turn   | Place    | Note
-------+----------+-------------------------------------------
     0 | D:1      | Lentor the Minotaur Berserker began the quest for the Orb.
     0 | D:1      | Reached XP level 1. HP: 19/19 MP: 0/0
    41 | D:1      | Reached XP level 2. HP: 19/27 MP: 1/1
   317 | D:1      | Reached XP level 3. HP: 27/34 MP: 2/2
   724 | D:2      | Reached ** piety under Trog
   917 | D:2      | Reached XP level 4. HP: 39/41 MP: 3/3
  1533 | D:3      | Reached skill level 5 in Long Blades
  2172 | D:3      | Reached XP level 5. HP: 40/47 MP: 4/4
  2629 | D:4      | Found Udghomic's Armour Shop.
  2639 | D:4      | Reached skill level 5 in Fighting
  2653 | D:3      | HP: 2/48 [poisoned by a worker ant]
  2660 | D:3      | HP: 1/48 [poisoned by a worker ant]
  2668 | D:3      | Succumbed to a worker ant's poison

Skill      XL: |  1  2  3  4  5 |
---------------+----------------+-----
Fighting       | 4 5 |  5.0
Long Blades    | 4 5 |  5.6
Armour         | 3 4 |  4.1
Dodging        | 3 |  3.0

Action                   |  1- 3 |  4- 6 || total
-------------------------+-------+-------++-------
Melee: Falchion          |    66 |    79 ||   145
       Headbutt          |     9 |    15 ||    24
Invok: Berserk           |       |     1 ||     1
  Use: Scroll            |       |     7 ||     7
       Potion            |       |     1 ||     1
  Eat: Ration            |       |     2 ||     2
Armor: Animal skin       |     5 |       ||     5
       Ring mail         |    11 |    26 ||    37
Dodge: Dodged            |    42 |    53 ||    95
       Rpst.: Falchion   |    15 |    12 ||    27
